cohdb
Replays
Latest Replays
All Replays
Popular Replays
Top Player Replays
Match Explorer
How It Works
Community
CoH3 Stats
Reddit
Sign in to upload your games and track your stats! →
Sign in with Steam
Match 41720867
Unlisted
Match 41720867
Overview
Messages
Build Orders
End
Kettenkrad Recon Vehicle
Construct Infanterie Kompanie
MG 42 Machine Gun Team
Grenadier Squad
Grenadier Squad
Construct Luftwaffe Kompanie
221 Scout Car
Selects Mechanized Battlegroup
Selects Mobile Repair Stations
Construct Panzergrenadier Kompanie
Selects Raid Package
251 Medium Carrier
Panzergrenadier Squad
Selects 8 Rad Armored Car
8 Rad Armored Car
Flak 30 Anti-aircraft Gun Team
Luftwaffe Officer Quarters
Pak 40 Anti-tank Gun Team
Support Elements
StuG III G Assault Gun
Selects Wespe Self-propelled Artillery
Panzergrenadier Officer Quarters
221 Scout Car
Pioneer Squad
MG 42 Machine Gun Team
8 Rad Armored Car
Forward Retreat Point
Nebelwerfer 42 Rocket Launcher Team
Medical Bunker
Wespe Self-propelled Artillery
Clay
UMP-40
GPS
Jd577
ume 梅
Blood-x-Meridian
Jolesepher
Mila!
0
0
Comments
sign in to comment!
No comments posted yet!